 Dungeon Sprint DCSS version 0.17-a0-1570-g74b7129 (webtiles) character file.

0 nuthulu the Skirmisher (level 3, -2/37 HPs)
             Began as a Minotaur Fighter on July 23, 2015.
             Was an Initiate of Okawaru.
             Killed from afar by an orc wizard (9 damage)
             ... with a puff of flame
             ... in the Dungeon (Sprint VI: "Thunderdome").
             The game lasted 00:01:07 (110 turns).

nuthulu the Skirmisher (Minotaur Fighter)            Turns: 110, Time: 00:01:07

Health: -2/37      AC:  7    Str: 20    XL:     3   Next: 83%
Magic:  2/2        EV:  8    Int:  9    God:    Okawaru [......]
Gold:   35         SH:  9    Dex: 10    Spells: 0 memorised, 2 levels left

rFire  . . .     SeeInvis .     p - +0 broad axe
rCold  . . .     Clarity  .     b - +0 scale mail
rNeg   + . .     SustAt   .     c - +0 shield
rPois  +         Gourm    .     (helmet restricted)
rElec  .         Spirit   .     (no cloak)
rCorr  .         Warding  +     (no gloves)
rMut   .         NoTele   +     (no boots)
MR     +....                    q - amulet "Koatoni" {Ward rPois rN+ MR+ Int+4 Slay-4}
Stlth  ..........               (no ring)
                                (no ring)

@: somewhat resistant to hostile enchantments, extremely unstealthy
A: retaliatory headbutt, horns 2
a: Renounce Religion


You were in the Dungeon.
You worshipped Okawaru.
Okawaru was noncommittal.
You were not hungry.

You visited 1 branch You collected 200 gold pieces.
You spent 165 gold pieces at shops.

Inventory:

Hand weapons
 a - a +0 war axe
 p - a +0 broad axe (weapon)
Armour
 b - a +0 scale mail (worn)
 c - a +0 shield (worn)
Jewellery
 q - the amulet "Koatoni" (around neck) {Ward rPois rN+ MR+ Int+4 Slay-4}
   (You bought it in a shop in the Dungeon)

   [amulet of warding]

   It may prevent the melee attacks of summoned creatures.
   It affects your intelligence (+4).
   It affects your accuracy and damage with ranged weapons and melee attacks
   (-4).
   It protects you from poison.
   It protects you from negative energy.
   It affects your resistance to hostile enchantments.
Magical devices
 l - a wand of cold (5)
 m - a wand of fire (5)
Scrolls
 k - 4 scrolls of blinking
 n - 3 scrolls of fog
Potions
 d - a potion of might
 f - a potion of curing
 g - 4 potions of heal wounds
 h - 4 potions of haste
 i - 2 potions of magic
 j - a potion of berserk rage
 o - a potion of resistance
Comestibles
 e - a bread ration


   Skills:
 + Level 6.1 Fighting
 + Level 4.2 Axes
 + Level 6.0 Armour
 + Level 2.1 Dodging
 - Level 5.1 Shields


You had 2 spell levels left.
You didn't know any spells.

Dungeon Overview and Level Annotations

Branches:
Dungeon (1/1)

Altars:
Cheibriados
Dithmenos
Fedhas
Gozag
Kikubaaqudgha
Makhleb
Okawaru
Qazlal
Ru
Sif Muna
Trog
Vehumet
Xom
Yredelemnul
Zin
The Shining One
Jiyva
Lugonu

Shops:
D *[%??*?*:[((!!!!


Innate Abilities, Weirdness & Mutations

You reflexively headbutt those who attack you in melee.
You have a pair of horns on your head.


Message History

Unknown command.
You barely miss something. Something hits you but does no damage.
Unknown command.
You slash something! Something hits you but does no damage.
You block its attack.
Unknown command.
You closely miss something. Something hits you but does no damage.
You miss something. Your headbutt misses something. Something hits you.
* * * LOW HITPOINT WARNING * * *
Something hits you but does no damage.
You closely miss something.
An orc wizard appears from thin air!
Reactivating autopickup.
You block the orc wizard's attack.
Unknown command.
Your shield and scale mail prevent you from hitting the orc wizard.
Your headbutt misses the orc wizard.
The orc wizard is severely wounded.
The orc wizard gestures at you while chanting.
The puff of flame hits you!
You die...

##### ##⌠⌠⌠## #.....# ##.....##
##∩.....∩## #∩..o)...∩#
#....@..._# #_......._#
#_......._# ###...).....###
#⌠...........⌠#
######.8.........8.######
##∩___......###......__.∩##
###∩........8.# #.8........∩###
##.............###.............#


You could see an orc wizard.

Vanquished Creatures
  2 orc priests (D)
  2 orcs (D)
4 creatures vanquished.

Notes
Turn   | Place    | Note
--------------------------------------------------------------
     0 | D        | nuthulu the Minotaur Fighter began the quest for the Orb.
     0 | D        | Reached XP level 1. HP: 19/19 MP: 0/0
     1 | D        | Found an iron altar of Okawaru.
     2 | D        | Found a shadowy altar of Dithmenos.
     2 | D        | Found a glowing golden altar of the Shining One.
     3 | D        | Found an ancient bone altar of Kikubaaqudgha.
     3 | D        | Found a viscous altar of Jiyva.
     4 | D        | Found Plog's Weapon Rack.
     4 | D        | Found Ulust's Premium Goods.
     5 | D        | Found Ephehean's Basic Armour.
     5 | D        | Found Qeowudgh's Miscellaneous Merchandise.
     5 | D        | Round 1.
    15 | D        | Became a worshipper of Warmaster Okawaru
    19 | D        | Bought a +0 broad axe for 120 gold pieces
    24 | D        | Found a sacrificial altar of Ru.
    25 | D        | Found an opulent altar of Gozag.
    26 | D        | Found a corrupted altar of Lugonu.
    27 | D        | Found Texaigy's Identification Station.
    27 | D        | Found a basalt altar of Yredelemnul.
    27 | D        | Found a stormy altar of Qazlal.
    27 | D        | Found a bloodstained altar of Trog.
    27 | D        | Found Xuvip's Bee Food.
    28 | D        | Found Guefoaki's Advanced Armour.
    28 | D        | Found Raeffaiv's Jewellery.
    33 | D        | Found a deep blue altar of Sif Muna.
    37 | D        | Bought a scintillating ruby amulet for 45 gold pieces
    37 | D        | Identified the amulet "Koatoni" {Ward rPois rN+ MR+ Int+4 Slay-4} (You bought it in a shop in the Dungeon)
    42 | D        | Found a radiant altar of Vehumet.
    46 | D        | Found a blossoming altar of Fedhas.
    46 | D        | Found a burning altar of Makhleb.
    46 | D        | Found a shimmering altar of Xom.
    46 | D        | Found Feffuuna's Magic Scroll Shop.
    46 | D        | Found Jayst's Staff Store.
    46 | D        | Noticed an orc priest
    47 | D        | Found Ypsij's Magic Scroll Shop.
    47 | D        | Found Waoh Pua's Must-Have Magic.
    52 | D        | Killed an orc priest
    52 | D        | Reached skill level 5 in Fighting
    52 | D        | Reached skill level 5 in Armour
    52 | D        | Reached skill level 5 in Shields
    52 | D        | Reached XP level 2. HP: 23/29 MP: 1/1
    52 | D        | Reached XP level 3. HP: 28/36 MP: 2/2
    55 | D        | Found a snail-covered altar of Cheibriados.
    56 | D        | Found a glowing silver altar of Zin.
    58 | D        | Found Quxke's Distillery.
    59 | D        | Found Ratin's Distillery.
    59 | D        | Found Memneugg's Bottled Wisdom.
    60 | D        | Found Wiegh's Do-It-Yourself Clinic.
   103 | D        | Reached skill level 6 in Fighting
   110 | D        | Killed from afar by an orc wizard

Vault maps used:
D:        arena_sprint

Action                   || total
-------------------------++-------
Melee: Broad axe         ||    20
